[Event "GrandPrix_29.05"]
[Site "Chess.com"]
[Date "2020.05.29"]
[Round "8"]
[White "Evgeny81"]
[Black "Kobalia"]
[Result "0-1"]
[WhiteElo "2392"]
[BlackElo "2345"]
[TimeControl "600+2"]
[EndTime "13:04:15 PDT"]
[Termination "Kobalia won on time"]

1. d4 d5 2. c4 c6 3. Nf3 Nf6 4. Nc3 e6 5. e3 Nbd7 6. Qc2 Bd6 7.
b3 O-O 8. Be2 dxc4 9. bxc4 e5 10. O-O Re8 11. Bb2 e4 12. Nd2 Qe7 13. Rae1 Nf8 14. f3 exf3 15. Bxf3 Qc7 16. h3 Bg3 17. Re2 Ng6 18. Nce4 Nxe4 19. Bxe4 f5 20. Bxf5 Bxf5 21.
Qxf5 Nf4 22. Rxf4 Bxf4 23. Qd3 Bh6 24. Nf3 Rf8 25. e4 Qg3 26. Bc3 Rae8 27. Be1 Qg6 28. Ne5 Qe6 29. Nf3 Qg6 30. Ne5 Qe6 31. Nf3 Rf4 32.
e5 Rd8 33. Bg3 Rxf3 34. gxf3 Qxh3 35. Rg2 Qe6 36. f4 b5 37. cxb5 c5 38. f5 Qd5 39.
Bf2 cxd4 40. e6 Be3 41. Bxe3 dxe3 42. Qxd5 Rxd5 43. Rc2 Rd1+ 44. Kg2 Rd2+ 0-1

[Event "GrandPrix_29.05"]
[Site "Chess.com"]
[Date "2020.05.29"]
[Round "8"]
[White "SoltaniciR"]
[Black "SamadovRead"]
[Result "1-0"]
[WhiteElo "2174"]
[BlackElo "1965"]
[TimeControl "600+2"]
[EndTime "13:04:17 PDT"]
[Termination "SoltaniciR won by resignation"]

1. e4 c5 2. Nf3 d6 3. d4 cxd4 4. Nxd4 Nf6 5. Nc3 e6 6. Be3 a6 7.
f3 b5 8. Qd2 Nbd7 9. g4 h6 10.
O-O-O b4 11. Nce2 Qc7 12. Bg2 Bb7 13. h4 Ne5 14. b3 Nfd7 15. g5 h5 16. f4 Ng4 17. g6 Nxe3 18. gxf7+ Kxf7 19. Qxe3 Nf6 20. Bh3 Re8 21. Ng3 Qc3 22. Qxc3 bxc3 23. Rhe1 e5 24.
Nde2 exf4 25. Nxf4 g6 26. Rf1 Bh6 27. Kb1 Bxf4 28.
Rxf4 Kg7 29. Rxd6 Nxe4 30. Rd7+ Kh6 31. Nxe4 Bxe4 32. Rc7 Bf5 33. Rxc3 Bxh3 34. Rxh3 Re2 35. Rc3 Rhe8 36. Rc6 R8e4 37. Rff6 Rxh4 38. Rxg6+ Kh7 39. Rgd6 Re7 40. Rxa6 Rh1+ 41. Kb2 h4 42. Rh6+ Kg7 43. Rag6+ Kf7 44. Rg4 h3 45. Rg3 h2 46. Rg2 Ree1 47. Rhxh2 Rhf1 48. Rf2+ Ke6 49. Rxf1 Rxf1 50. Rd2 1-0

[Event "GrandPrix_29.05"]
[Site "Chess.com"]
[Date "2020.05.29"]
[Round "8"]
[White "ZefirKa"]
[Black "Inkalubo"]
[Result "1-0"]
[WhiteElo "2064"]
[BlackElo "1775"]
[TimeControl "600+2"]
[EndTime "13:04:24 PDT"]
[Termination "ZefirKa won on time"]

1. e4 Nf6 2. e5 Nd5 3. d4 d6 4. Nf3 g6 5. Bc4 c6 6. O-O Bg7 7. h3 O-O 8. Re1 b5 9. Bb3 a5 10. a4 b4 11. c4 bxc3 12. bxc3 dxe5 13. Nxe5 Be6 14. Qc2 Qc7 15. Ba3 Na6 16. Qa2 Rab8 17. Bc4 Qb7 18. Nd3 Ndc7 19. Bxe7 Rfe8 20. Bd6 Bxc4 21. Qxc4 Rxe1+ 22. Nxe1 Qb2 23. Ra2 Qxb1 24. Re2 Re8 25. Kh2 Rxe2 26. Qxe2 Qb8 27. Nf3 Qd8 28. Bg3 Nb8 29. Qb2 Bf8 30. Qb6 Bd6 31. Qxa5 Bxg3+ 32. fxg3 Ne6 33. Qa8 Kg7 34. a5 Nc7 35. Qb7 Nca6 36.
Ne5 Qc7 37. Qb3 c5 38. Qb5 cxd4 39. cxd4 Qd6 40. Qc4 Qe6 41. Qc3 Qd5 42. Nd3 Qc6 43.
Qb2 Nd7 44. d5+ Qf6 45. Qb5 Qd6 46. Nf4 Ndc5 47. Qe8 1-0

[Event "GrandPrix_29.05"]
[Site "Chess.com"]
[Date "2020.05.29"]
[Round "8"]
[White "chessfreak35"]
[Black "Murad_Ibrahimli"]
[Result "1/2-1/2"]
[WhiteElo "2535"]
[BlackElo "2609"]
[TimeControl "600+2"]
[EndTime "13:04:34 PDT"]
[Termination "Game drawn by stalemate"]

1. e4 c5 2. Nf3 d6 3. d4 cxd4 4. Nxd4 Nf6 5. Nc3 a6 6. h4 e5 7.
Nb3 Be7 8. Bg5 Be6 9. Bxf6 Bxf6 10. g3 Nd7 11. Qxd6 Be7 12. Qd2 Rc8 13. a3 O-O 14. Bh3 Nb6 15. Qxd8 Rfxd8 16. Bxe6 fxe6 17. Ke2 Nc4 18. Nd1 Nxb2 19. Ne3 Na4 20. c4 Nc3+ 21. Kf3 Rf8+ 22.
Kg2 Nxe4 23. Ra2 b5 24. Rc1 Rfd8 25. Kf3 Nd6 26. Rac2 Nxc4 27. Nxc4 Rxc4 28. Rxc4 bxc4 29. Na5 Rf8+ 30. Ke2 Bc5 31. f3 Bxa3 32. Rxc4 Rb8 33. Rc6 Rb2+ 34. Kd3 Rf2 35. Ke4 Re2+ 36. Kd3 Rg2 37. g4 Be7 38. Rxa6 Bxh4 39. Rxe6 Bf6 40. Nc4 Kf7 41. Rb6 h6 42. Nd6+ Kg6 43. Ne4 Ra2 44. Ke3 Ra3+ 45. Kf2 Kf7 46. Kg3 Be7 47. Rb5 Ke6 48. Rb6+ Kd5 49. Rb7 Ke6 50. Rb6+ Kf7 51. Rb5 Bf6 52. Rb7+ Kg6 53. Rb6 Rd3 54. Ra6 Rd5 55.
Rb6 Kf7 56. Nd6+ Ke7 57. Nf5+ Kf8 58. Rb8+ Rd8 59. Rxd8+ Bxd8 60. Nd6 g6 61. Ne4 Kf7 62. Nf2 Ke6 63. Ne4 h5 64. gxh5 gxh5 65. Nf2 Kf5 66. Nd3 Bf6 67. Kg2 h4 68. Nxe5 Kxe5 69. f4+ Kxf4 70.
Kh1 Kg3 71. Kg1 h3 72. Kh1 h2 1/2-1/2

[Event "GrandPrix_29.05"]
[Site "Chess.com"]
[Date "2020.05.29"]
[Round "8"]
[White "Supernotar"]
[Black "Tyoma88888"]
[Result "1/2-1/2"]
[WhiteElo "2122"]
[BlackElo "2175"]
[TimeControl "600+2"]
[EndTime "13:04:38 PDT"]
[Termination "Game drawn by repetition"]

1. d4 d5 2. c4 e6 3. Nf3 Nf6 4.
e3 Be7 5. Nbd2 O-O 6. Bd3 b6 7.
O-O Bb7 8. b3 Nbd7 9. Bb2 c5 10.
Qe2 Rc8 11. Rad1 Rc7 12. e4 dxe4 13. Nxe4 Nxe4 14. Bxe4 Bxe4 15. Qxe4 Nf6 16. Qe2 Rd7 17. Ne5 Rd6 18. dxc5 bxc5 19. Nc6 Qc7 20. Nxe7+ Qxe7 21. Rxd6 Qxd6 22. Rd1 Qf4 23. Be5 Qf5 24. f3 h6 25.
Rd6 Qb1+ 26. Kf2 Qf5 27. Kg1 Qb1+ 28. Rd1 Qf5 29. g4 Qg5 30. Kg2 Rc8 31. Rd6 a5 32. Bg3 Qc1 33. Rd1 Qa3 34. Be5 a4 35. Rd3 axb3 36.
axb3 Qc1 37. Qd2 Qxd2+ 38. Rxd2 Ra8 39. h4 Ra7 40. Rd8+ Kh7 41. Rc8 Nd7 42. Bd6 Rb7 43.
Rc7 Rxc7 44. Bxc7 h5 45. Bd6 hxg4 46. fxg4 Kg6 47. Kf3 f5 48. Kf4 fxg4 49. Kxg4 e5 50. b4 cxb4 51. Bxb4 Kf6 52. c5 Nb8 53. Bc3 Nc6 54.
h5 Nb8 55. Ba5 Nc6 56. Bc7 Nd4 57. Bd8+ Kf7 58. Bg5 Ke6 59. Be3 Kd5 60. Kg5 Kxc5 61. Kg6 Kd5 62. Kxg7 Nf5+ 63. Kg6 Ke6 64. Bg5 e4 65.
Bf4 Nh4+ 66. Kg7 Nf5+ 67. Kg6 Nh4+ 68. Kg7 Nf5+ 69. Kg6 1/2-1/2

[Event "GrandPrix_29.05"]
[Site "Chess.com"]
[Date "2020.05.29"]
[Round "8"]
[White "SantoBlue"]
[Black "Lukianoo"]
[Result "1-0"]
[WhiteElo "2552"]
[BlackElo "2524"]
[TimeControl "600+2"]
[EndTime "13:04:46 PDT"]
[Termination "SantoBlue won on time"]

1. Nf3 Nf6 2. g3 b5 3. Bg2 Bb7 4. O-O e6 5. b3 c5 6. c4 a6 7. Nc3 Qb6 8. Bb2 Be7 9. d3 O-O 10. e4 d6 11. Nd2 Nc6 12. f4 Nd4 13. g4 Nd7 14. g5 e5 15. Qg4 Qd8 16. Nd5 Bxd5 17. exd5 Nc2 18. Ne4 Ne3 19. Qh3 Nxf1 20.
Rxf1 exf4 21. Rxf4 Ne5 22. Nf6+ Bxf6 23. Be4 Ng6 24.
gxf6 Ra7 25. fxg7 Re8 26. Qh5 f6 27. Bxg6 Rxg7 28. Bxf6 hxg6 29. Qh6 Qd7 30. Rh4 Re1+ 31. Kf2 Qf5+ 32. Rf4 Rf1+ 33. Kxf1 Qxd3+ 34. Kf2 Qd2+ 35. Kg3 Qe3+ 36. Kg4 Qe2+ 37. Rf3 Qg2+ 38. Rg3 Qe2+ 39.
Rf3 Qg2+ 40. Kf4 Qd2+ 41. Re3 Qf2+ 42. Kg4 Qg2+ 43. Kh4 Qxh2+ 44. Rh3 Qf2+ 45. Kg4 Qxf6 46. Qh8+ Kf7 47. Rf3 Qxf3+ 48. Kxf3 g5 49. Kg4 Rg6 50.
Qh7+ 1-0

[Event "GrandPrix_29.05"]
[Site "Chess.com"]
[Date "2020.05.29"]
[Round "8"]
[White "Chessialist"]
[Black "Grandelicious"]
[Result "0-1"]
[WhiteElo "2513"]
[BlackElo "2698"]
[TimeControl "600+2"]
[EndTime "13:04:55 PDT"]
[Termination "Grandelicious won by resignation"]

1. c4 e6 2. Nf3 d5 3. g3 d4 4. d3 c5 5. Bg2 Ne7 6. O-O Nec6 7. e3 Be7 8. exd4 cxd4 9. a3 a5 10. b3 O-O 11. Re1 Na6 12. Nbd2 f6 13. Qc2 e5 14.
h4 Nc5 15. Ne4 Nxe4 16. Rxe4 Bf5 17. Re1 Qe8 18. Nd2 Qg6 19. Ne4 Be6 20. Qe2 h6 21. h5 Qf7 22. g4 f5 23. gxf5 Bxf5 24. Ng3 Be6 25. Ra2 Bh4 26. Be4 Kh8 27. Bg6 Qe7 28. Qe4 Bg5 29. Bxg5 Qxg5 30. Rae2 Bg4 31.
Qd5 Bf3 32. Be4 Bxh5 33. Qb5 Bxe2 34. Rxe2 Rab8 35. b4 axb4 36. axb4 h5 37. Bxc6 bxc6 38. Qxe5 Qxe5 39. Rxe5 g6 40. Re6 Kg7 41. Rxc6 Rxb4 42. Rd6 Rf4 43. Ne4 Rb1+ 44. Kg2 Rg4+ 45. Kf3 Rb7 46. Rxd4 Rf7+ 47. Ke2 h4 48. Nc5 Re7+ 49.
Ne4 h3 50. Kf3 h2 51. Kxg4 h1=Q 52. c5 Qh5+ 53. Kf4 Rf7+ 54. Ke3 Qf3+ 55. Kd2 Ra7 56. c6 Qf4+ 57. Kc3 Qc1+ 58. Kb4 Qxc6 0-1

[Event "GrandPrix_29.05"]
[Site "Chess.com"]
[Date "2020.05.29"]
[Round "8"]
[White "Sanan_Sjugirov"]
[Black "tsaruk_maks"]
[Result "0-1"]
[WhiteElo "2639"]
[BlackElo "2351"]
[TimeControl "600+2"]
[EndTime "13:04:59 PDT"]
[Termination "tsaruk_maks won by resignation"]

1. d4 Nf6 2. c4 e6 3. Nf3 d5 4. g3 dxc4 5. Bg2 c5 6. O-O Nc6 7. dxc5 Qxd1 8. Rxd1 Bxc5 9. Nbd2 c3 10. bxc3 O-O 11.
Nb3 Be7 12. c4 Bd7 13. Bb2 Rfd8 14. Nfd4 Be8 15. Nxc6 Bxc6 16. Bxc6 bxc6 17. Na5 Rac8 18. Bd4 c5 19. Be3 Ng4 20. Bf4 g5 21. Bd2 Kf8 22. Rab1 Rd6 23. Bc3 Rxd1+ 24. Rxd1 Bf6 25. Be1 Ne5 26. Kg2 Nc6 27. Rd6 Nb4 28. Rd7 Nc2 29. Bd2 Rd8 30. Rxd8+ Bxd8 31. Nc6 Ke8 32. Bc1 a6 33.
Nxd8 Kxd8 34. Bxg5+ Kd7 35. Bc1 Nd4 36. Be3 Kc6 37. Bxd4 cxd4 38. Kf3 Kc5 39. Ke4 Kxc4 40. g4 f6 41. h4 a5 42. a4 Kb4 43. Kxd4 Kxa4 44.
Kc4 Ka3 45. Kc3 Ka4 46. Kc4 Ka3 47. f4 Kb2 48. Kb5 Kc3 49. e4 Kd4 50. g5 fxg5 51. fxg5 Kxe4 52. h5 Kf5 53. g6 hxg6 54. hxg6 Kxg6 55.
Kxa5 Kf5 0-1

[Event "GrandPrix_29.05"]
[Site "Chess.com"]
[Date "2020.05.29"]
[Round "8"]
[White "TheJoker64"]
[Black "Grebnev_A"]
[Result "0-1"]
[WhiteElo "2248"]
[BlackElo "2206"]
[TimeControl "600+2"]
[EndTime "13:05:08 PDT"]
[Termination "Grebnev_A won by resignation"]

1. e4 e6 2. d4 d5 3. Bd3 dxe4 4. Bxe4 Nf6 5. Bf3 c5 6. Ne2 Nc6 7.
Be3 cxd4 8. Nxd4 Ne5 9. Nc3 Bd6 10. Ndb5 Nxf3+ 11. Qxf3 Bb4 12. a3 Bxc3+ 13. Nxc3 O-O 14. Qg3 Bd7 15. O-O-O Qe7 16. Bd4 Bc6 17. Qe5 Rfd8 18. f3 b6 19. Rhe1 Rac8 20. f4 Ne8 21. g3 Rd7 22. h4 Rcd8 23. f5 Rd6 24. Qf4 Qd7 25. Be5 Rxd1+ 26. Rxd1 Qe7 27. Rxd8 Qxd8 28. fxe6 fxe6 29.
Ne2 Qd5 30. Nd4 Qh1+ 31. Kd2 Qg2+ 32. Kc3 Bd5 33. b3 Nf6 34. Bxf6 gxf6 35. Qxf6 Qxg3+ 36. Kb2 Qg4 37. a4 Qg7 38. Qxg7+ Kxg7 39. c4 e5 40. Nb5 a6 41. Na7 Be6 42. a5 bxa5 43. c5 Kh6 44. c6 Kh5 45. c7 Kxh4 46. c8=Q Bxc8 47. Nxc8 Kg4 48. Nd6 h5 49. Kc2 h4 50.
Kd3 h3 51. Ke3 h2 52. Ne4 Kh4 53. Nf2 Kg3 54. Ke2 Kg2 55. Ke3 Kf1 56. Kf3 Ke1 57. Ke3 e4 58. Nh1 Kd1 59. Kxe4 Kc2 60. Kf3 Kxb3 61.
Kg2 a4 0-1

[Event "GrandPrix_29.05"]
[Site "Chess.com"]
[Date "2020.05.29"]
[Round "8"]
[White "szachuspl"]
[Black "Funo09"]
[Result "0-1"]
[WhiteElo "2407"]
[BlackElo "2659"]
[TimeControl "600+2"]
[EndTime "13:05:09 PDT"]
[Termination "Funo09 won by checkmate"]

1. d4 Nf6 2. c4 Nc6 3. Nf3 d6 4. d5 Nb8 5. Nc3 g6 6. e4 Bg7 7.
h3 O-O 8. Bd3 c6 9. O-O a5 10.
Be3 Na6 11. Re1 Bd7 12. Rc1 Rc8 13. Qd2 cxd5 14. exd5 Nc5 15. Bb1 Re8 16. b3 Qb6 17.
Rcd1 a4 18. bxa4 Qb4 19. Rc1 Qxc4 20. Bh6 Bh8 21. Qg5 Nd3 22. Bxd3 Qxd3 23. Re3 Qc4 24. Rce1 e5 25. dxe6 Rxe6 26. Rxe6 Bxe6 27. Nb5 Qc5 28. Qg3 Ne8 29. Rc1 Qd5 30. Re1 Rd8 31. Ng5 Bf5 32. Qe3 Qe5 33. Qd2 Qb2 34. Qa5 Rc8 35. Nf3 Bg7 36. Bf4 Qxa2 37. Qa7 Qd5 38. Kh2 h6 39. Qb6 g5 40. Bg3 Bf8 41. Nfd4 Bg6 42. Na7 Ra8 43.
Ndb5 h5 44. f3 h4 45. Bf2 Qc4 46. Qxb7 Rd8 47. Qc6 Qf4+ 48. Kg1 Ng7 49. Nd4 Nf5 50. Nxf5 Bxf5 51. a5 d5 52. Qc1 Bd6 53. Qxf4 Bxf4 54.
Nc6 Ra8 55. Rd1 Bd7 56. Nb4 Rxa5 57. Nxd5 Be5 58. Ne7+ Kf8 59. Rxd7 Ra1+ 60. Be1 Rxe1+ 61. Kf2 Bg3# 0-1

[Event "GrandPrix_29.05"]
[Site "Chess.com"]
[Date "2020.05.29"]
[Round "8"]
[White "GM_dmitrij"]
[Black "MikaelyanArman1996"]
[Result "1-0"]
[WhiteElo "2485"]
[BlackElo "2267"]
[TimeControl "600+2"]
[EndTime "13:05:09 PDT"]
[Termination "GM_dmitrij won by resignation"]

1. e4 e5 2. Nf3 Nc6 3. Bc4 Bc5 4. c3 Nf6 5. d3 O-O 6. O-O d5 7. exd5 Nxd5 8. a3 Bg4 9. Nbd2 Nb6 10. Ne4 Nxc4 11.
Nxc5 Nd6 12. Re1 b6 13. h3 Bf5 14. Nb3 Re8 15. d4 e4 16. Nh2 Qf6 17. Bf4 Rad8 18.
Nd2 Bg6 19. Qg4 h5 20. Qg5 Qxg5 21. Bxg5 f6 22. Bf4 Bf5 23. Nhf1 g5 24. Bxd6 cxd6 25. Ng3 Bg6 26. Ngxe4 Kf7 27. f3 d5 28. Nf2 Ne7 29. g4 h4 30. Re2 f5 31. Rae1 f4 32. Nb3 Nc8 33. Nc1 Nd6 34. Nfd3 Nc4 35. Ne5+ Kf6 36. Nxg6 Rxe2 37. Rxe2 Kxg6 38. Nd3 Ne3 39. Kf2 Kf6 40. Ke1 a5 41. Kd2 Rc8 42. Ne1 Re8 43. Kd3 Rc8 44. a4 Rc4 45. b3 Rc8 46. Kd2 Nf1+ 47. Kd3 Ne3 48. Ng2 Nd1 49. c4 dxc4+ 50. bxc4 Rd8 51. Rd2 Ne3 52. Nxe3 fxe3 53. Kxe3 Ke6 54. Rb2 Rb8 55. c5 Kd5 56. Rxb6 Re8+ 57. Kd3 Rd8 58. Rd6+ Rxd6 59. cxd6 Kxd6 60. Ke4 1-0

[Event "GrandPrix_29.05"]
[Site "Chess.com"]
[Date "2020.05.29"]
[Round "8"]
[White "benko_008"]
[Black "Malysch"]
[Result "0-1"]
[WhiteElo "2122"]
[BlackElo "2353"]
[TimeControl "600+2"]
[EndTime "13:05:09 PDT"]
[Termination "Malysch won on time"]

1. d4 Nf6 2. Nf3 c5 3. e3 b6 4. Bd3 Bb7 5. O-O g6 6. b3 Bg7 7. Bb2 O-O 8. c4 cxd4 9. Bxd4 Nc6 10. Bb2 d5 11. cxd5 Nxd5 12. Bxg7 Kxg7 13. a3 Rc8 14. Ra2 e5 15. Qe2 Qe7 16. Nfd2 Rfd8 17. Rc2 Nd4 18. exd4 Nf4 19. Qxe5+ Qxe5 20. dxe5 Nxd3 21. Rxc8 Rxc8 22. Nc4 Rc5 23. f4 b5 24. Ne3 Rc1 25. g3 g5 26.
Rxc1 Nxc1 27. Nc3 gxf4 28. gxf4 Nd3 29. Ne2 Kg6 30. Kf1 a5 31. f5+ Kg5 32. h4+ Kxh4 33. e6 fxe6 34. f6 Ne5 35. Nd4 Kg5 36. Nxe6+ Kxf6 37. Nc5 Bc6 38. Kf2 h5 39. Kg3 Kg5 40. Ne6+ Kf6 41. Nf4 Be8 42. Kh4 Nf3+ 43. Kg3 Nd4 44.
Ned5+ Ke5 45. Nc7 Bd7 46. Nd3+ Kd6 47. Na6 Nxb3 48. Kh4 Be8 49. Kg5 Nd4 50. Nac5 b4 51. axb4 axb4 52. Ne4+ Kc6 53. Nxb4+ Kb5 54. Nd3 Kc4 55.
Nf4 Nf3+ 56. Kf6 Kd4 57. Nd6 Ke3 0-1

[Event "GrandPrix_29.05"]
[Site "Chess.com"]
[Date "2020.05.29"]
[Round "8"]
[White "Keks2017"]
[Black "SuperFineHipster"]
[Result "1-0"]
[WhiteElo "2368"]
[BlackElo "2157"]
[TimeControl "600+2"]
[EndTime "13:05:24 PDT"]
[Termination "Keks2017 won by resignation"]

1. g3 e5 2. Bg2 d5 3. d3 Nc6 4.
Nf3 Nf6 5. O-O Be7 6. c3 a5 7. Qc2 O-O 8. Nbd2 b6 9. b3 Ba6 10. Re1 Qd7 11. a3 Rfe8 12. Bb2 Bf8 13. e4 dxe4 14.
dxe4 Rad8 15. Bf1 Bxf1 16. Nxf1 Qd3 17. Qxd3 Rxd3 18. Kg2 Red8 19. Re2 b5 20. b4 Nd7 21. Rd2 Nb6 22. Rad1 Rxd2 23. Rxd2 Ra8 24. Ne3 g6 25. Rd1 Bh6 26. Nd5 Nc4 27. Bc1 Bxc1 28. Rxc1 Nxa3 29. bxa5 Nxa5 30. Nxe5 Nb3 31. Rd1 c5 32. Nc7 Rc8 33. Rd7 b4 34. Nd5 Rf8 35. cxb4 cxb4 36. Nxb4 Nc5 37. Ra7 Nb1 38. f3 Nd2 39. Nd5 Ndb3 40.
Kf2 Ne6 41. Ke3 Nbd4 42. Nf4 Nxf4 43. gxf4 Ne6 44. Ng4 h5 45. Ne5 Kg7 46. f5 gxf5 47. exf5 Ng5 48. f6+ Kg8 49. Kf4 Ne6+ 50. Kf5 Nd4+ 51.
Kg5 Re8 52. Nxf7 Nxf3+ 53. Kxh5 Rf8 54. Nh6+ Kh8 55. Kg6 Ne5+ 56. Kf5 Nf3 57. Nf7+ Kg8 58. Ng5 Nxg5 59. Kxg5 Kh8 60. Kg6 Rg8+ 61. Rg7 Rf8 62. Rh7+ Kg8 63. f7+ 1-0

[Event "GrandPrix_29.05"]
[Site "Chess.com"]
[Date "2020.05.29"]
[Round "8"]
[White "NikolaN98"]
[Black "Thor736"]
[Result "1-0"]
[WhiteElo "2268"]
[BlackElo "2051"]
[TimeControl "600+2"]
[EndTime "13:05:27 PDT"]
[Termination "NikolaN98 won by resignation"]

1. e4 c5 2. Nc3 d6 3. f4 g6 4. Nf3 Bg7 5. Bb5+ Bd7 6. Bc4 Nc6 7. O-O Na5 8. Be2 Nf6 9. d3 Nc6 10. Qe1 O-O 11. Qh4 Nd4 12. Nxd4 cxd4 13. Nb1 Rc8 14. Bd1 e6 15. Nd2 Nh5 16. Qe1 f5 17. exf5 exf5 18. Nf3 Re8 19. Qb4 Qb6 20. Qxb6 axb6 21. Bd2 Bf6 22.
g3 Ng7 23. Bb4 d5 24. Bd6 Ne6 25. Be5 Bxe5 26. Nxe5 Rc7 27. Rf2 Rec8 28. Rc1 Nc5 29.
Bf3 Be6 30. Re1 Re7 31. b3 Na6 32. a3 Nb8 33. Rfe2 Rce8 34. Bg2 Nc6 35. Nf3 Kf8 36. Kf2 Bf7 37. Rxe7 Rxe7 38. Rxe7 Kxe7 39. Ke2 Kd6 40. Kd2 h6 41. Kc1 Ke7 42. Kb2 Kf6 43. h4 b5 44. c3 dxc3+ 45. Kxc3 Ke6 46. Nd4+ Nxd4 47. Kxd4 Kd6 48. Bf3 b6 49. Bd1 Be6 50. h5 gxh5 51. Bxh5 Bd7 52. Bf7 Be6 53. Bxe6 Kxe6 54. Kc3 Kd6 55.
Kb4 Kc6 56. d4 h5 57. a4 bxa4 58. bxa4 Kb7 59. Kb5 Kc7 60. a5 bxa5 61. Kxa5 Kc6 62. Ka6 Kc7 63. Kb5 Kd6 64. Kb6 Kd7 65. Kc5 Ke6 66. Kc6 Kf6 67. Kxd5 1-0

[Event "GrandPrix_29.05"]
[Site "Chess.com"]
[Date "2020.05.29"]
[Round "8"]
[White "Logman74"]
[Black "DaviD-GevorG"]
[Result "1/2-1/2"]
[WhiteElo "2102"]
[BlackElo "1849"]
[TimeControl "600+2"]
[EndTime "13:05:27 PDT"]
[Termination "Game drawn - insufficient material"]

1. e4 g6 2. d4 Bg7 3. Nc3 d6 4. f4 a6 5. Nf3 b5 6. Bd3 e6 7. O-O Ne7 8. Kh1 O-O 9. e5 Bb7 10. Be4 Bxe4 11. Nxe4 h5 12. Nfg5 Nbc6 13. Be3 Nf5 14.
Bg1 dxe5 15. dxe5 Qxd1 16. Rfxd1 Rfd8 17. Nc5 Bf8 18. Rxd8 Nxd8 19. Rd1 Bxc5 20. Bxc5 Nb7 21. Bf2 Rd8 22. Rxd8+ Nxd8 23. h3 Nc6 24. c3 Nce7 25.
g4 hxg4 26. hxg4 Nh6 27. Kg2 Nxg4 28. Bc5 Nd5 29. Kf3 Nh2+ 30. Kg2 Ng4 31. Kf3 Nh6 32. Ne4 Kg7 33. Bf2 Nf5 34. Nc5 a5 35. a4 bxa4 36. Nxa4 g5 37. fxg5 Kg6 38. c4 Nb4 39.
Nc5 Kxg5 40. Be1 Nc6 41. Ke4 Nfd4 42. Na6 Nb3 43. Nxc7 Nc5+ 44. Ke3 Nxe5 45. Kd4 Ned7 46. Ke3 a4 47. Bb4 e5 48. Nb5 f5 49. Ba5 f4+ 50.
Kf2 e4 51. Nd4 Kg4 52. Bc7 e3+ 53. Ke2 Ne4 54. Nc2 Ng3+ 55. Kd3 Nc5+ 56. Kc3 Ne6 57. Bb6 Kf3 58. c5 Ne4+ 59. Kc4 e2 60. c6 Kg2 61. Kd3 f3 62. Ne1+ Kg3 63. Kxe4 f2 64. Bxf2+ Kxf2 65. Nd3+ Kf1 66. Kd5 Nf4+ 67. Nxf4 e1=Q 68. c7 Qe8 69. Kd6 Qc8 70. Nd5 Ke1 71. Ne7 Qa6+ 72. Kc5 Qa5+ 73. Kc6 Qa6+ 74. Kd7 Qb5+ 75. Kd8 Qb6 76. Kd7 Qb5+ 77.
Kd6 Qb6+ 78. Nc6 Qa6 79. Kd7 Qd3+ 80. Ke8 Qg6+ 81. Kd7 Qf5+ 82. Kd6 Qf8+ 83. Ne7 Kd2 84. c8=Q Qxc8 85. Nxc8 Kc2 86. Nb6 Kxb2 87. Nxa4+ 1/2-1/2

[Event "GrandPrix_29.05"]
[Site "Chess.com"]
[Date "2020.05.29"]
[Round "8"]
[White "Nikame"]
[Black "GadimbayliA"]
[Result "0-1"]
[WhiteElo "2362"]
[BlackElo "2524"]
[TimeControl "600+2"]
[EndTime "13:05:30 PDT"]
[Termination "GadimbayliA won by resignation"]

1. d4 d5 2. Bg5 h6 3. Bh4 c6 4. e3 Qb6 5. Qc1 e5 6. Nf3 e4 7. Nfd2 Be6 8. Be2 Ne7 9. f3 exf3 10.
gxf3 Nf5 11. Bf2 Be7 12. c4 Qd8 13. cxd5 cxd5 14. Nc3 Bh4 15. Nf1 Bxf2+ 16. Kxf2 Qh4+ 17. Ng3 Nc6 18. Nxd5 Bxd5 19. e4 Bxe4 20. fxe4 Nxg3 21. hxg3 Qxe4 22. Bf3 Qxd4+ 23. Kg2 O-O 24. Rh4 Qf6 25. Rf4 Qg5 26. Qc3 Rac8 27. Re1 Ne7 28. Qb3 Ng6 29.
Rg4 Qf6 30. Rf1 Qf5 31. Bd1 Qe5 32. Rf2 Rc1 33. Be2 h5 34. Rb4 b6 35. Qf3 Qd6 36. Rb5 Ne5 37. Qe4 Rc5 38. Rxc5 Qxc5 39. Rf5 Re8 40.
Rxh5 g6 41. Rh4 Qc6 42. Qxc6 Nxc6 43. Bb5 Re6 44. Rc4 Ne5 45. Rc7 a5 46. Ba4 Kg7 47. Bb3 Rd6 48. g4 Kf6 49. Kg3 Rd3+ 50. Kf4 Rd4+ 51.
Ke3 Rxg4 52. Rb7 Rb4 53. Kd2 Rd4+ 54. Kc3 Rd6 55. a4 g5 56. Rb8 g4 57. Kc2 Kf5 58. Rf8 Kf4 59. Re8 g3 60. Rg8 Rg6 61. Rf8 g2 62. Bxf7 Nxf7 63. Rxf7+ Kg3 0-1

[Event "GrandPrix_29.05"]
[Site "Chess.com"]
[Date "2020.05.29"]
[Round "8"]
[White "ChessQueen"]
[Black "MAS_1704"]
[Result "1-0"]
[WhiteElo "2105"]
[BlackElo "2067"]
[TimeControl "600+2"]
[EndTime "13:05:33 PDT"]
[Termination "ChessQueen won on time"]

1. e4 g6 2. d4 Bg7 3. Nc3 d6 4. h4 h5 5. Bg5 c6 6. a4 Qb6 7. Nge2 a5 8. Be3 Nf6 9. f3 O-O 10. Qc1 Re8 11. Nf4 Qc7 12. Bc4 e6 13. Bb3 Kh7 14.
Qd2 d5 15. e5 Nfd7 16. g4 hxg4 17. h5 g5 18. h6 Bh8 19. Qd3+ Kg8 20. h7+ Kf8 21.
Ng6+ fxg6 22. Qxg6 Nxe5 23. Qg8+ Ke7 24. dxe5 Qxe5 25.
Kd2 Qg7 26. Bxg5+ Kd7 27. Qxg7+ Bxg7 28. fxg4 Rh8 29. Raf1 Ke8 30. Bf6 Bxf6 31. Rxf6 Nd7 32. Rxe6+ Kf7 33. Reh6 Ne5 34. Ne4 Nxg4 35. Nd6+ Ke7 36.
Nxc8+ Raxc8 37. R6h4 Nf6 38. c3 Rcf8 39. Bc2 Rf7 40.
Kc1 Kf8 41. b3 Ne4 42. Bxe4 dxe4 43. Kd2 Rf2+ 44. Ke3 Rf3+ 45. Kxe4 Rxc3 46. R1h3 Rxh3 47. Rxh3 b5 48. Kd4 bxa4 49. bxa4 Ke7 50. Kc5 Kd7 51. Kb6 Kd6 52. Kxa5 c5 53. Kb5 Kd5 54. Rh5+ Kd4 55. Rh4+ Kd5 56. a5 c4 57. a6 c3 58. a7 c2 59. Rc4 1-0

[Event "GrandPrix_29.05"]
[Site "Chess.com"]
[Date "2020.05.29"]
[Round "8"]
[White "ehrenfeld"]
[Black "FCLitras"]
[Result "0-1"]
[WhiteElo "1941"]
[BlackElo "1961"]
[TimeControl "600+2"]
[EndTime "13:05:34 PDT"]
[Termination "FCLitras won on time"]

1. e4 c6 2. d4 d5 3. exd5 cxd5 4. Bd3 Nc6 5. c3 Qc7 6. Ne2 e5 7. dxe5 Nxe5 8. Bb5+ Bd7 9. Bxd7+ Qxd7 10. O-O Nf6 11. Nd4 Be7 12. Nd2 O-O 13. N2f3 Nc4 14. Re1 Ne4 15. Qd3 Rac8 16. Re2 Bf6 17. Bf4 Rfe8 18. Rae1 a6 19. Bc1 b5 20. Rd1 g6 21. Ree1 Nc5 22.
Qc2 Rxe1+ 23. Rxe1 Re8 24. Rxe8+ Qxe8 25. Kf1 Qe4 26. b3 Nd6 27. Ba3 Qxc2 28. Nxc2 Nde4 29. Ncd4 Ne6 30. Bb2 Nxd4 31. cxd4 Kf8 32. Ke2 Ke8 33. Ne5 h5 34. f3 Nd6 35. Kd3 Nf5 36. g3 Ke7 37. Nc6+ Kd6 38. Ne5 Ke6 39. Nc6 Be7 40.
g4 Nh6 41. h3 Bd6 42. Ne5 Ng8 43. Nc6 Nf6 44. Bc3 Nh7 45. Bd2 Kd7 46. Ne5+ Ke6 47. Nc6 Nf8 48. Bb4 Nh7 49. Bxd6 Kxd6 50. Ne5 Ke6 51. Ke3 Nf8 52. Nd3 hxg4 53. hxg4 Kd6 54.
Nc5 a5 55. Nb7+ Kc7 56. Nxa5 b4 57. Kd3 Kb6 58. Nc4+ dxc4+ 59. Kxc4 Ne6 60. d5 Ng5 61. f4 Nh3 62. f5 g5 63. Kxb4 Nf2 64. a4 Nxg4 65.
a5+ Kc7 66. Kc5 Ne5 67. a6 Nd7+ 68. Kd4 f6 69. b4 Kd6 70. b5 Nb6 71. a7 g4 72. Ke4 g3 73. Kf3 Kxd5 74. Kxg3 Ke5 75. Kg4 Ke4 76. Kg3 Kxf5 77. Kf3 Ke5 78. Ke3 Na8 79.
Kf3 Kf5 80. Ke3 Kg4 81. Kf2 Kf4 82. Kg2 Ke3 83. Kf1 f5 84. Ke1 f4 85. Kf1 Kf3 0-1

[Event "GrandPrix_29.05"]
[Site "Chess.com"]
[Date "2020.05.29"]
[Round "8"]
[White "Sam_ChessMood"]
[Black "Bosiocic"]
[Result "0-1"]
[WhiteElo "2578"]
[BlackElo "2755"]
[TimeControl "600+2"]
[EndTime "13:05:38 PDT"]
[Termination "Bosiocic won by resignation"]

1. e4 d6 2. d4 Nf6 3. Nc3 e5 4. Nf3 Nbd7 5. Bc4 Be7 6. O-O O-O 7. a4 a5 8. Re1 c6 9. h3 Nb6 10. Bb3 Nfd7 11. Be3 exd4 12. Nxd4 Nc5 13. Qf3 Nxb3 14. cxb3 Nd7 15. Rad1 Ne5 16. Qe2 f6 17. f4 Nf7 18. Qf3 Bd7 19. Kh1 Rc8 20. Bg1 Qc7 21. Rc1 Qd8 22. Rcd1 Re8 23. Nce2 Bf8 24. Ng3 Qc7 25.
Nh5 Kh8 26. Rc1 b6 27. Rcd1 Qb7 28. Ng3 Rcd8 29. Ndf5 Be6 30. Nd4 Bd7 31. Ndf5 c5 32. Ne3 b5 33. axb5 Bxb5 34. Nd5 Bc6 35. Re3 Rb8 36. Red3 Nh6 37. Ra1 a4 38. bxa4 Qxb2 39. Qd1 Qb7 40. a5 f5 41. exf5 Qf7 42. f6 Qg6 43. f5 Nxf5 44. Nxf5 Qxf5 45. a6 c4 46. Rd4 Rb5 47. Nf4 Rc5 48. f7 Qxf7 49. a7 Rf5 50. Qd2 Ba8 51. Bh2 g5 52. Qc3 Bg7 53. Qxc4 Qxc4 54. Rxc4 Bxa1 55. Nd3 Rf1+ 56. Bg1 Be5 57.
Rb4 Kg8 58. Rb8 Rff8 59. Rb6 Bg3 60. Rb3 Re2 61. Ne1 Bxe1 62. Rb8 Bxg2+ 63. Kh2 Ba8+ 0-1